 Dungeon Crawl Stone Soup version 0.28-a0-233-gb8ca4b6547 (webtiles) character file.

Game seed: 602932863394747215

53 bande the Shield-Bearer (level 3, 0/24 HPs)
             Began as a Gargoyle Fighter on Aug 23, 2021.
             Slain by an adder (3 damage)
             ... on level 3 of the Dungeon.
             The game lasted 00:02:29 (2163 turns).

bande the Shield-Bearer (Gargoyle Fighter)          Turns: 2163, Time: 00:02:30

Health: 0/24       AC: 14    Str: 19    XL:     3   Next: 87%
Magic:  3/3        EV:  3    Int: 10    God:
Gold:   96         SH:  7    Dex:  8    Spells: 2/2 levels left

rFire   + . .      SeeInvis .   a - +0 war axe
rCold   . . .      Faith    .   c - +0 kite shield
rNeg    + . .      Spirit   .   h - +0 plate armour
rPois   ∞          Reflect  .   (no helmet)
rElec   +          Harm     .   (no cloak)
rCorr   .          Rampage  .   (no gloves)
Will    .....      Clarity  +   (no boots)
Stlth   ..........              (no amulet)
HPRegen 0.08/turn               e - ring of protection from fire
MPRegen 0.08/turn               (no ring)

@: flying
A: sickness immunity, AC +3, negative energy resistance 1, electricity
resistance, torment resistance 1, petrification resistance, big wings, clarity,
clever 1, clumsy 1
a: no special abilities


You were on level 3 of the Dungeon.
You visited 1 branch of the dungeon, and saw 3 of its levels.

You collected 96 gold pieces.

Inventory:

Hand Weapons
 a - a +0 war axe (weapon)
Armour
 c - a +0 kite shield (worn)
 h - a +0 plate armour (worn)
Jewellery
 e - a ring of protection from fire (left hand)
 i - an amulet of the acrobat
Scrolls
 b - a scroll of identify
 f - a scroll of teleportation
Potions
 d - a potion of might
 g - a potion of curing


   Skills:
 + Level 3.6 Fighting
 + Level 2.5 Axes
 + Level 3.7 Armour
 + Level 0.3 Dodging
 + Level 3.7 Shields


You had 2 spell levels left.
You didn't know any spells.
Your spell library contained the following spells:

 Spells                   Type           Power      Damage    Failure   Level
 Corpse Rot               Necr/Air       N/A        N/A       100%        2
 Dispel Undead            Necr           0%         3d6       100%        4
 Death Channel            Necr           0%         N/A       100%        6


Dungeon Overview and Level Annotations

Branches:
Dungeon (3/15)

Altars:


Innate Abilities, Weirdness & Mutations

You are immune to sickness and miasma.
Your stone body is resilient. (AC +3)
You are immune to poison.
You resist negative energy. (rN+)
You are resistant to electric shocks. (rElec)
You are resistant to unholy torment.
You are immune to petrification.
Your large and strong wings let you fly.
You possess an exceptional clarity of mind.
Your mind is acute. (Int +2)
You are clumsy. (Dex -2)


Message History

The adder bites you but does no damage. x2
You closely miss the adder.
The adder is almost dead.
You hit the giant cockroach. The adder bites you but does no damage.
The giant cockroach bites you but does no damage.
The adder bites you but does no damage.
The giant cockroach bites you but does no damage.
Your shield and plate armour prevent you from hitting the adder.
The adder is almost dead.
You barely miss the giant cockroach. The adder bites you but does no damage.
You block the giant cockroach's attack. The adder bites you but does no damage.
The giant cockroach bites you but does no damage.
You hit the giant cockroach.
The giant cockroach is almost dead.
You barely miss the adder. The adder bites you but does no damage.
The giant cockroach bites you but does no damage.
The adder bites you. You block the giant cockroach's attack.
You barely miss the giant cockroach.
The giant cockroach is almost dead.
You barely miss the adder. You block the adder's attack.
The giant cockroach bites you but does no damage.
The adder bites you but does no damage. The giant cockroach bites you.
Unknown command.
Your plate armour prevents you from hitting the giant cockroach.
The giant cockroach is almost dead.
You barely miss the adder. The adder bites you but does no damage.
The giant cockroach barely misses you. The adder bites you.
* * * LOW HITPOINT WARNING * * *
You hit the giant cockroach but do no damage.
The giant cockroach is almost dead.
You completely miss the adder. The adder bites you.
* * * LOW HITPOINT WARNING * * *
The giant cockroach bites you but does no damage.
You block the adder's attack.
The giant cockroach bites you but does no damage.
You closely miss the giant cockroach.
The giant cockroach is almost dead.
You miss the adder. You block the adder's attack.
The giant cockroach barely misses you. The adder bites you.
You die...

#. #. . #..
..#..######
.....#.. ...#.#
#S#.##########
#.##B@.#)........
#......).<#
....######.)# #.#
#..# . #..# #.)#
...# ##.# #.#


You could see an adder and a giant cockroach.

Vanquished Creatures
  2 worms
  A dart slug (D:1)
  An orc (D:3)
  3 ball pythons
  3 endoplasms
  7 giant cockroaches
  2 goblins
  A hobgoblin (D:2)
  4 jackals
  3 quokkas
  4 bats
  2 kobolds
  6 rats
39 creatures vanquished.

Notes
Turn   | Place    | Note
-------+----------+-------------------------------------------
     0 | D:1      | bande the Gargoyle Fighter began the quest for the Orb.
     0 | D:1      | Reached XP level 1. HP: 14/14 MP: 1/1
   399 | D:1      | Reached XP level 2. HP: 16/19 MP: 2/2
   573 | D:1      | Gained mutation: Your large and strong wings let you fly.
                  | [potion of mutation]
   573 | D:1      | Gained mutation: Your mind is acute. (Int +2) [potion of
                  | mutation]
   573 | D:1      | Gained mutation: You are clumsy. (Dex -2) [potion of
                  | mutation]
   573 | D:1      | Gained mutation: You possess an exceptional clarity of
                  | mind. [potion of mutation]
   652 | D:1      | Reached XP level 3. HP: 22/23 MP: 3/3
  2163 | D:3      | Slain by an adder

Illustrated notes

Levels and vault maps discovered:
D:1:      dpeg_arrival_renting, layout_loops_ring, minmay_worlds_worst_comb
D:2:      layout_loops_ring
D:3:      layout_loops_ring, lemuel_tele_altar,
          hellmonk_ecumenical_altar_crossroads, minmay_misc_feat_encased

Skill      XL: |  1  2 |
---------------+-------+-----
Axes           | 2 |  2.5
Fighting       | |  3.6
Armour         | |  3.7
Dodging        | |  0.3
Shields        | |  3.7

Action                   || total
-------------------------++-------
Melee: War axe           ||   117
  Use: Scroll            ||     3
       Potion            ||     1
Armor: Scale mail        ||    36
       Plate armour      ||    47
Dodge: Dodged            ||    39
Block: Kite shield       ||    55

Table legend: (Time is in decaauts)
 A = Elapsed time spent in this place.
 B = Non-inter-level travel time spent in this place.
 C = Inter-level travel time spent in this place.
 D = Time resting spent in this place.
 E = Time spent auto-exploring this place.
 F = Levels seen in this place.
 G = Mean time per level.
                   A        B        C        D        E       F      G
               +--------+--------+--------+--------+--------+-----+--------+
         Total |   2233 |   2233 |      0 |    447 |   1436 |   3 |  744.3 |
       Dungeon |   2233 |   2233 |      0 |    447 |   1436 |   3 |  744.3 |
               +--------+--------+--------+--------+--------+-----+--------+

Top non-repeatable levels by time:
     D:1: 1103 daAuts
     D:2: 1026 daAuts
     D:3: 102 daAuts
